 Dungeon Crawl Stone Soup version 0.26-a0-683-g5206c1d (webtiles) character file.

Game seed: 18087657660727054732

23593 Mopster the Severer (level 12, -4/112 HPs)
             Began as a Minotaur Berserker on Oct 22, 2020.
             Was a High Priest of Trog.
             Killed from afar by Azrael (22 damage)
             ... with a fireball
             ... on level 13 of the Dungeon.
             The game lasted 00:43:59 (14558 turns).

Mopster the Severer (Minotaur Berserker)           Turns: 14558, Time: 00:43:59

Health: -4/112     AC: 17    Str: 22    XL:     12   Next: 73%
Magic:  11/11      EV: 11    Int:  4    God:    Trog [*****.]
Gold:   1620       SH:  0    Dex: 15    Spells: 11/11 levels left

rFire    . . .     SeeInvis +   J - +5 executioner's axe (vorpal)
rCold    . . .     Faith    .   (shield currently unavailable)
rNeg     . . .     Spirit   .   G - +2 plate armour {MR+}
rPois    +         Reflect  .   (helmet restricted)
rElec    .         Harm     .   v - scarf {repulsion}
rCorr    .         Rampage  .   (no gloves)
MR       +....                  (no boots)
Stlth    ..........             (no amulet)
HPRegen  0.28/turn              H - ring of see invisible
MPRegen  0.12/turn              c - ring of poison resistance

@: berserk cooldown, slowed, repel missiles, very slow
A: retaliatory headbutt, horns 2
a: Berserk, Trog's Hand, Brothers in Arms, Renounce Religion


You were on level 13 of the Dungeon.
You worshipped Trog.
Trog was extremely pleased with you.
You visited 1 branch of the dungeon, and saw 13 of its levels.
You also visited: Ice Cave.

You collected 1620 gold pieces.

Inventory:

Hand Weapons
 z - the +10 broad axe of Atheism {flame, MP-9 Str+4 Int+8 Dex-4}
   (Trog gifted it to you on level 12 of the Dungeon)

   It has been specially enchanted to burn those struck by it, causing extra
   injury to most foes and up to half again as much damage against particularly
   susceptible opponents.
   Big, fiery blades are also staple armaments of hydra-hunters.
   It affects your strength (+4).
   It affects your intelligence (+8).
   It affects your dexterity (-4).
   It affects your magic capacity (-9).
 J - a +5 vorpal executioner's axe (weapon)
Armour
 v - a scarf of repulsion (worn)
 F - +0 ice dragon scales
 G - a +2 plate armour of magic resistance (worn)
Jewellery
 c - a ring of poison resistance (right hand)
 p - a +4 ring of protection
 E - an uncursed ring of protection from cold
 H - a ring of see invisible (left hand)
Wands
 k - a wand of iceblast (7)
 r - a wand of polymorph (20)
 C - a wand of flame (13)
Scrolls
 a - 2 scrolls of enchant armour
 b - a scroll of summoning
 d - 2 scrolls of remove curse
 e - 11 scrolls of teleportation
 g - 5 scrolls of magic mapping
 l - 2 scrolls of fog
 m - 5 scrolls of fear
 o - 3 scrolls of enchant weapon
 t - a scroll of immolation
Potions
 f - a potion of ambrosia {unknown}
 h - 2 potions of heal wounds
 i - 5 potions of haste
 j - a potion of invisibility
 n - 3 potions of flight
 s - a potion of mutation {unknown}
 u - a potion of magic {unknown}
 w - 7 potions of curing {unknown}
 A - a potion of experience {unknown}
 B - a potion of stabbing {unknown}
Miscellaneous
 D - a lightning rod (4/4)


   Skills:
 * Level 12.3 Fighting
 * Level 16.9 Axes
 + Level 11.5 Armour
 * Level 8.6 Dodging
 + Level 0.1 Evocations


You had 11 spell levels left.
You didn't know any spells.
Your spell library contained the following spells:

 Spells                   Type           Power        Failure   Level
 Animate Skeleton         Necr           #.....       100%        1
 Apportation              Tloc           #.....       100%        1
 Corona                   Hex            #......      100%        1
 Foxfire                  Conj/Fire      #...         100%        1
 Summon Small Mammal      Summ           #...         100%        1
 Call Imp                 Summ           #.......     100%        2
 Call Canine Familiar     Summ           #.......     100%        3
 Conjure Flame            Conj/Fire      #.......     100%        3
 Inner Flame              Hex/Fire       #.......     100%        3
 Summon Guardian Golem    Hex/Summ       #.......     100%        3
 Sticky Flame             Conj/Fire      #.......     100%        4
 Summon Ice Beast         Ice/Summ       #.......     100%        4
 Summon Lightning Spire   Summ/Air       #.......     100%        4
 Fireball                 Conj/Fire      #.........   100%        5


Dungeon Overview and Level Annotations

Branches:
Dungeon (13/15)            Temple (0/1) D:4            Lair (0/6) D:9
    Orc (0/2) D:10          IceCv (visited)
 Vaults: D:13-14

Altars:
Ashenzari
Cheibriados
Dithmenos
Elyvilon
Fedhas
Makhleb
Nemelex Xobeh
Okawaru
Ru
Sif Muna
Trog
Uskayaw
Vehumet
Wu Jian
Xom
Yredelemnul
The Shining One

Shops:
D:4 [

Portals:
Trove: D:11 (give 13 scrolls of teleportation)

Annotations:
D:13 Azrael


Innate Abilities, Weirdness & Mutations

You reflexively headbutt those who attack you in melee.
You have a pair of horns on your head.


Message History

Your two-headed ogre hits Azrael with a +0 giant club!!
Your two-headed ogre hits Azrael with a +0 giant spiked club.
Something hits your two-headed ogre!! Something burns your two-headed ogre.
Your two-headed ogre dies!
Your two-headed ogre's corpse disappears in a puff of smoke!
You feel the effects of Trog's Hand fading.
Azrael gestures at you. The sticky flame hits you!
You are covered in liquid flames!
You are covered in liquid flames!
* * * LOW HITPOINT WARNING * * *
Azrael gestures at you.
The sticky flame is repelled.
You are covered in liquid flames!
* * * LOW HITPOINT WARNING * * *
Your skin stops crawling.
You feel less resistant to hostile enchantments.
Azrael gestures at you.
The fireball explodes!
The fireball engulfs you!!
You die...

#.....# #####.. ###'###
#.. #...## ##. ###).# ###.
# #########.## #...
###############..........#
#...
ER§§§§§R○§RR○ER.....÷....#
#...
###############.....)....#
###... #.@........###.....
#.[..<.....##..#...
#..).......##.##...
#.<).......##.##...
#.............#####
#..........####
#########.## # ###....# #
#...#### ######


You could see Azrael and a fire elemental.

Vanquished Creatures
  2 ice dragons (IceCv)
  Erica (D:9)
  5 two-headed ogres
  An unseen horror (D:12)
  Pikel (D:6)
  An ugly thing (D:12)
  2 cyclopes
  2 manticores
  A guardian serpent (D:9)
  3 gargoyles
  2 ice statues (IceCv)
  2 rime drakes (IceCv)
  An efreet (D:13)
  5 trolls
  A polar bear (D:12)
  A wolf spider simulacrum (D:12)
  A shadow (D:12)
  3 wraiths
  15 yaks
  A wyvern (D:9)
  A basilisk (D:9)
  Eustachio (D:5)
  3 vampire mosquitoes (D:12)
  A steam dragon (D:10)
  Duvessa (D:7)
  4 hell hounds (D:13)
  7 orc warriors
  21 ice beasts
  2 sky beasts (D:12)
  A hornet zombie (D:12)
  2 black bears
  2 necrophages
  A phantom (D:9)
  2 ogres
  4 centaurs
  A wolf (D:12)
  2 lemures (D:6)
  2 big kobolds
  7 bullfrogs
  2 gnoll sergeants
  Dowan (D:7)
  4 scorpions
  8 wights
  6 killer bees (D:6)
  An electric eel (D:12)
  A bullfrog zombie (D:12)
  An orc priest (D:7)
  A quasit (D:12)
  7 hounds
  A jelly (D:10)
  4 orc wizards
  2 bullfrog skeletons
  Jessica (D:2)
  4 iguanas
  7 worker ants
  A centaur simulacrum (D:12)
  2 bullfrog simulacra (D:12)
  2 hound zombies
  A hound skeleton (D:5)
  A worker ant zombie (D:10)
  A howler monkey zombie (D:6)
  10 gnolls
  11 adders
  2 shadow imps
  19 white imps
  3 ufetubi
  An ooze (D:1)
  An adder skeleton (D:5)
  3 worms
  4 dart slugs
  6 leopard geckos
  37 orcs
  6 giant cockroaches
  9 goblins
  6 hobgoblins
  8 jackals
  13 kobolds
  5 quokkas
  3 ball pythons
  10 bats
  9 frilled lizards
  A leopard gecko skeleton (D:6)
  A quokka skeleton (D:6)
  A quokka zombie (D:6)
  14 rats
358 creatures vanquished.

Vanquished Creatures (collateral kills)
  Josephine (D:12)
  A manticore (D:7)
  3 wraiths (D:12)
  A fire elemental (D:13)
  2 lemures (D:6)
  A worker ant (D:6)
9 creatures vanquished.

Vanquished Creatures (others)
  A goblin (D:3)
1 creature vanquished.

Grand Total: 368 creatures vanquished

Notes
Turn   | Place    | Note
-------+----------+-------------------------------------------
     0 | D:1      | Mopster the Minotaur Berserker began the quest for the Orb.
     0 | D:1      | Reached XP level 1. HP: 19/19 MP: 0/0
   283 | D:1      | Reached XP level 2. HP: 25/27 MP: 1/1
   323 | D:1      | Reached skill level 4 in Axes
   775 | D:1      | Reached ** piety under Trog
   816 | D:1      | Reached XP level 3. HP: 32/33 MP: 2/2
  1149 | D:2      | You fall into a shaft and drop 2 floors!
  1517 | D:4      | Reached XP level 4. HP: 18/41 MP: 3/3
  1844 | D:4      | Reached skill level 5 in Axes
  1946 | D:2      | Noticed Jessica
  1954 | D:2      | Killed Jessica
  1954 | D:2      | Reached XP level 5. HP: 47/47 MP: 4/4
  2031 | D:2      | Reached skill level 6 in Axes
  2513 | D:3      | Reached *** piety under Trog
  2514 | D:3      | Reached skill level 5 in Fighting
  2922 | D:3      | Found a basalt altar of Yredelemnul.
  2924 | D:3      | Noticed a profane servitor
  2937 | D:3      | Found a glowing golden altar of the Shining One.
  2939 | D:3      | Noticed an angel
  3315 | D:3      | Found a sacrificial altar of Ru.
  3405 | D:4      | Found Loasirpho's Armour Shop.
  3423 | D:4      | Reached XP level 6. HP: 44/56 MP: 5/5
  3548 | D:4      | Found a white marble altar of Elyvilon.
  3762 | D:4      | Found a staircase to the Ecumenical Temple.
  3916 | D:4      | Found an iron altar of Okawaru.
  3970 | D:5      | Entered Level 5 of the Dungeon
  4095 | D:5      | Reached skill level 7 in Axes
  4452 | D:5      | Noticed Eustachio
  4463 | D:5      | Killed Eustachio
  4463 | D:5      | Reached **** piety under Trog
  4463 | D:5      | Reached XP level 7. HP: 62/62 MP: 6/6
  4998 | D:6      | Reached skill level 5 in Armour
  5012 | D:6      | HP: 3/63 [poisoned by a killer bee]
  5606 | D:6      | Reached skill level 8 in Axes
  5730 | D:6      | Reached XP level 8. HP: 25/71 MP: 7/7
  6431 | D:6      | Noticed Pikel
  6463 | D:6      | Killed Pikel
  6593 | D:6      | Found a shimmering blue altar of Sif Muna.
  7022 | D:7      | Reached skill level 9 in Axes
  7417 | D:7      | Found a shadowy altar of Dithmenos.
  7457 | D:7      | Noticed Duvessa
  7464 | D:7      | Noticed Dowan
  7465 | D:7      | Killed Duvessa
  7465 | D:7      | Reached XP level 9. HP: 80/80 MP: 8/8
  7470 | D:7      | Killed Dowan
  7554 | D:7      | Noticed a manticore
  7565 | D:7      | Killed a manticore
  7565 | D:7      | Reached skill level 10 in Axes
  7764 | D:7      | Found an ornate altar of the Wu Jian Council.
  7858 | D:7      | Found a burning altar of Makhleb.
  8146 | D:8      | Found a burning altar of Makhleb.
  8449 | D:8      | Found a blossoming altar of Fedhas.
  8728 | D:9      | Found a hide-covered altar of Uskayaw.
  8729 | D:9      | Noticed a +0 hand axe
  8729 | D:9      | Noticed a +0 dagger
  8758 | D:9      | Found a broken altar of Ashenzari.
  8904 | D:9      | Noticed a troll
  8910 | D:9      | Killed a troll
  8910 | D:9      | Reached skill level 5 in Dodging
  9008 | D:9      | Noticed a two-headed ogre
  9014 | D:9      | Killed a two-headed ogre
  9014 | D:9      | Reached skill level 11 in Axes
  9014 | D:9      | Reached XP level 10. HP: 90/90 MP: 9/9
  9061 | D:9      | Noticed a guardian serpent
  9093 | D:9      | Killed a guardian serpent
  9314 | D:9      | Noticed Erica
  9329 | D:9      | Killed Erica
  9329 | D:9      | Reached skill level 10 in Armour
  9535 | D:9      | Reached skill level 12 in Axes
  9553 | D:9      | Found a staircase to the Lair.
  9564 | D:9      | Reached ***** piety under Trog
  9658 | D:9      | Found a bloodstained altar of Trog.
  9665 | D:9      | Found a radiant altar of Vehumet.
  9743 | D:9      | Found a sparkling altar of Nemelex Xobeh.
  9848 | D:10     | Entered Level 10 of the Dungeon
 10231 | D:10     | Noticed a two-headed ogre
 10240 | D:10     | Killed a two-headed ogre
 10240 | D:10     | Reached skill level 10 in Fighting
 10240 | D:10     | Reached skill level 13 in Axes
 10439 | D:10     | Found a staircase to the Orcish Mines.
 10480 | D:10     | Noticed a two-headed ogre
 10480 | D:10     | Noticed a gargoyle
 10495 | D:10     | Reached XP level 11. HP: 99/99 MP: 10/10
 10497 | D:10     | Killed a two-headed ogre
 11243 | D:11     | Noticed a two-headed ogre
 11252 | D:11     | Killed a two-headed ogre
 11252 | D:11     | Reached skill level 14 in Axes
 11682 | D:11     | Found a portal to a secret trove of treasure.
 12169 | D:12     | Noticed Josephine
 12178 | D:12     | Killed Josephine
 12180 | D:12     | Killed an unseen horror
 12198 | D:12     | Received a gift from Trog
 12201 | D:12     | Got a transparent broad axe {god gift}
 12209 | D:12     | Found a frozen archway.
 12224 | D:12     | Identified the +10 broad axe of Atheism {flame, MP-9 Str+4
                  | Int+8 Dex-4} (Trog gifted it to you on level 12 of the
                  | Dungeon)
 12227 | IceCv    | Entered an ice cave
 12234 | IceCv    | Reached skill level 15 in Axes
 12509 | IceCv    | Reached XP level 12. HP: 110/110 MP: 2/11
 12526 | IceCv    | Noticed an ice dragon
 12526 | IceCv    | Noticed an ice dragon
 12537 | IceCv    | Killed an ice dragon
 12550 | IceCv    | Killed an ice dragon
 13161 | D:12     | Reached skill level 16 in Axes
 13474 | D:12     | Received a gift from Trog
 13576 | D:12     | Noticed a two-headed ogre
 13581 | D:12     | Killed a two-headed ogre
 13888 | D:12     | Found a shimmering altar of Xom.
 14347 | D:13     | Found a snail-covered altar of Cheibriados.
 14531 | D:13     | Noticed Azrael
 14558 | D:13     | Killed from afar by Azrael

Illustrated notes

Levels and vault maps discovered:
D:1:      lightli_arrival_boilingwater, layout_basic, minmay_hexomino_u4
D:2:      layout_rooms, uniq_jessica
D:3:      lemuel_upstairs_altar, layout_basic, grunt_temple_overflow_holy_war,
          nicolae_ru_path_of_blood
D:4:      layout_basic, old_standard_altar, minmay_temple_entry_fiery,
          serial_shops, nicolae_shop_behind_doors, okawaru_gym_becter
D:5:      layout_basic, uniq_eustachio
D:6:      layout_basic, lemuel_round_altar, uniq_pikel
D:7:      layout_basic, kennysheep_mini_moat, grunt_dithmenos_smoke,
          basic_altar, uniq_duvessa
D:8:      layout_basic, lemuel_crystal_altar, fedhas_altar_4
D:9:      layout_roguey, overflow_temple_1_default, dancing_weapons_uskayaw,
          nemelex_xobeh_ov_fountains_minmay, amethyst_overflow_temple_binary,
          david_lair_generic, nrook_guardian_serpent_ordinary, uniq_erica
D:10:     layout_basic, hiddenorc1_lemuel
D:11:     layout_irregular_city, enter_trove_6, feat_on_display
D:12:     layout_basic, serial_ice, serial_ice_n, serial_ice_b, serial_ice_j,
          serial_ice_c, portal_ice_cave_entry_imps, basic_altar, uniq_josephine
D:13:     layout_roguey, basic_altar, uniq_sonja, uniq_azrael

Skill      XL: |  1  2  3  4  5  6  7  8  9 10 11 12 |
---------------+-------------------------------------+-----
Fighting       | 4 5 6 7 8 10 11 12 | 12.3
Axes           | 4 5 6 7 8 9 11 13 15 16 | 16.9
Dodging        | 3 4 5 6 7 8 |  8.6
Armour         | 4 5 8 9 10 11 | 11.5
Evocations     | |  0.1

Action                   |  1- 3 |  4- 6 |  7- 9 | 10-12 || total
-------------------------+-------+-------+-------+-------++-------
Melee: Hand axe          |    73 |   106 |       |       ||   179
       Headbutt          |    13 |    26 |    40 |    88 ||   167
       War axe           |       |    43 |   176 |   146 ||   365
       Battleaxe         |       |       |       |   138 ||   138
       Broad axe         |       |       |       |    88 ||    88
       Executioner's axe |       |       |       |    55 ||    55
Invok: Berserk           |     1 |     4 |    12 |    20 ||    37
       Brothers in Arms  |       |       |     2 |     2 ||     4
       Trog's Hand       |       |       |     1 |     3 ||     4
Evoke: Wand              |       |       |       |     2 ||     2
  Use: Scroll            |     1 |     6 |     6 |     6 ||    19
       Potion            |       |       |     5 |       ||     5
Armor: Animal skin       |    17 |    10 |       |       ||    27
       Ring mail         |       |    21 |    35 |       ||    56
       Plate armour      |       |       |    73 |   239 ||   312
Dodge: Dodged            |    44 |   102 |   104 |   232 ||   482
       Repelled          |       |       |       |     8 ||     8
Block: Buckler           |       |       |       |     2 ||     2

Table legend: (Time is in decaauts)
 A = Elapsed time spent in this place.
 B = Non-inter-level travel time spent in this place.
 C = Inter-level travel time spent in this place.
 D = Time resting spent in this place.
 E = Time spent auto-exploring this place.
 F = Levels seen in this place.
 G = Mean time per level.
                   A        B        C        D        E       F      G
               +--------+--------+--------+--------+--------+-----+--------+
         Total |  14892 |  13575 |   1317 |   3004 |   8066 |  14 | 1063.7 |
       Dungeon |  14272 |  12955 |   1317 |   2891 |   7822 |  13 | 1097.8 |
      Ice Cave |    620 |    620 |      0 |    113 |    243 |   1 |  620.0 |
               +--------+--------+--------+--------+--------+-----+--------+

Top non-repeatable levels by time:
     D:6: 1994 daAuts
    D:12: 1488 daAuts
    D:11: 1402 daAuts
     D:4: 1371 daAuts
     D:7: 1368 daAuts
     D:9: 1274 daAuts
     D:1: 1142 daAuts
     D:3: 985 daAuts
     D:5: 895 daAuts
    D:10: 824 daAuts
   IceCv: 620 daAuts
     D:8: 571 daAuts
     D:2: 517 daAuts
    D:13: 435 daAuts
